 Dungeon Crawl Stone Soup version 0.25.1-2-g60ff931 (webtiles) character file.

Game seed: 2016049815058461498

7821 Atlas the Gouger (level 11, -5/48 HPs)
             Began as a Felid Berserker on Aug 14, 2020.
             Was a High Priest of Trog.
             Slain by a slime creature (16 damage)
             ... on level 12 of the Dungeon.
             The game lasted 00:18:07 (17320 turns).

Atlas the Gouger (Felid Berserker)                 Turns: 17320, Time: 00:18:07

Health: -5/48      AC:  2    Str: 16    XL:     11   Next: 1%
Magic:  0/12       EV: 27    Int:  9    God:    Trog [*****.]
Gold:   414        SH:  0    Dex: 16    Spells: 10/10 levels left
                                        Lives:  0   Deaths: 3

rFire    . . .     SeeInvis +     - Unarmed
rCold    + . .     Gourm    .   (shield unavailable)
rNeg     . . .     Faith    .   (armour unavailable)
rPois    .         Spirit   +   (helmet unavailable)
rElec    .         Reflect  .   (cloak unavailable)
rCorr    .         Harm     .   (gloves unavailable)
MR       +....                  (boots unavailable)
Stlth    +++++++...             r - amulet of guardian spirit
HPRegen  0.16/turn              k - ring of stealth
MPRegen  0.13/turn              K - ring of protection from cold

@: berserk cooldown, slowed, slow
A: very small, no armour, no weapons or thrown items, stealth, claws 1, fangs 3,
see invisible, carnivore, speed 1, shaggy fur 2, slow metabolism 1, sharp paws
a: Berserk, Trog's Hand, Brothers in Arms, Renounce Religion


You were on level 12 of the Dungeon.
You worshipped Trog.
Trog was extremely pleased with you.
You were not hungry.

You visited 2 branches of the dungeon, and saw 14 of its levels.
You also visited: Ossuary.

You collected 723 gold pieces.
You spent 309 gold pieces at shops.

Inventory:

Jewellery
 k - a ring of stealth (left paw)
 r - an amulet of guardian spirit (around neck)
 K - a ring of protection from cold (right paw)
Wands
 n - a wand of polymorph (5)
 p - a wand of clouds (3)
 y - a wand of flame (35)
 D - a wand of iceblast (17)
 E - a wand of random effects (21)
 F - a wand of disintegration (15)
 I - a wand of acid (9)
Scrolls
 e - 10 scrolls of teleportation
 g - 3 scrolls of blinking {unknown}
 h - 3 scrolls of torment
 i - a scroll of noise {unknown}
 j - 7 scrolls of remove curse
 q - a scroll of amnesia {unknown}
 t - 3 scrolls of magic mapping
 u - a scroll of silence {unknown}
 z - a scroll of enchant armour {unknown}
 A - 4 scrolls of immolation {unknown}
 B - a scroll of fog {unknown}
 H - 2 scrolls of vulnerability {unknown}
Potions
 b - 2 potions of curing
 c - 4 potions of heal wounds
 d - 2 potions of flight
 f - 3 potions of haste
 l - 6 potions of stabbing
 m - 3 potions of might
 o - 2 potions of ambrosia
 s - 4 potions of cancellation
 v - 2 potions of brilliance
 w - a potion of magic {unknown}
 x - 4 potions of lignification
 C - a potion of berserk rage {unknown}
 J - a potion of mutation {unknown}
Comestibles
 a - 29 rations


   Skills:
 + Level 5.5 Fighting
 + Level 11.2 Dodging
 + Level 13.5 Stealth
 + Level 14.9 Unarmed Combat


You had 10 spell levels left.
You didn't know any spells.
Your spell library was empty.

Dungeon Overview and Level Annotations

Branches:
Dungeon (13/15)            Temple (1/1) D:6            Lair (0/6) D:8
    Orc (0/2) D:10        Ossuary (visited)
 Vaults: D:13-14

Altars:
Ashenzari
Gozag
Trog

Shops:
D:5 [%   D:6 *   D:8 ![

Annotations:
D:13 3 runed translucent doors, exclusion: obsidian statue, Wemm's ghost, journeyman SpEn


Innate Abilities, Weirdness & Mutations

You cannot wear armour.
You are incapable of wielding weapons or throwing items.
Your paws allow you to move quietly. (Stealth)
You have sharp claws.
You have razor-sharp teeth.
You have supernaturally acute eyesight. (SInv)
You are carnivorous and can eat meat at any time.
You cover ground quickly.
You are covered in thick fur. (AC +2)
You have a slow metabolism.
Your sharp claws are effective at attacking unaware monsters.


Message History

You kill the slime creature!
Trog accepts your kill.
Welcome back to level 11!
You feel a strong urge to attack something.
You are no longer berserk.
You are exhausted.
You feel yourself slow down.
Things that are here:
a +0 giant club; an ogre skeleton
There is a stone staircase leading up here.
You see here 4 arrows.
The slime creature misses you. The slime creature hits you!
* * * LOW HITPOINT WARNING * * *
The obsidian statue slips into the dungeon's darkness for a moment.
You climb upwards.
There is a stone staircase leading down, spattered with blood here.
You see here a +0 shortbow.
A slime creature is nearby!
The slime creature hits you!!
You die...

'........##..........######......
#........##..........# #......
###'#######.......<..# #......
#.## #..........# ######' #..#
#########'## ###. ##># #####.#
###... #.# #.....# #...##
####.##########'##### #####'####
.........##.....@...# #........#
.........##^.....J..# #........#
........(#.......[.># #........#
.................[..# #........#
....|.....#......[..####........#
.........##.........'..'........#
.........##.........####........#
.........############ ##########
##########


You could see a slime creature.

Vanquished Creatures
  Josephine (D:11)
  A hydra (D:11)
  A centaur warrior (D:13)
  4 two-headed ogres
  Nergalle (D:11)
  2 unseen horrors
  A deep elf mage (D:13)
  A cyclops (D:13)
  A meliai (D:13)
  2 hornets
  3 trolls
  4 slime creatures (D:13)
  A hippogriff (D:12)
  A meliai zombie (D:13)
  A shadow (D:13)
  A wyvern (D:12)
  4 wraiths (D:11)
  A yak (D:11)
  2 hungry ghosts
  A steam dragon (D:13)
  5 sky beasts
  A porcupine (shapeshifter) (D:13)
  6 orc warriors
  2 ice beasts
  A black bear (D:11)
  A necrophage (D:10)
  5 ogres
  5 phantoms
  An eye of draining (D:11)
  6 centaurs
  2 big kobolds
  4 bullfrogs
  6 water moccasin zombies (Ossuary)
  7 scorpions
  12 killer bees
  15 wights
  2 howler monkeys
  4 crimson imps
  A bullfrog zombie (D:11)
  A quasit (D:11)
  2 hounds
  A centaur skeleton (D:4)
  3 centaur zombies
  5 jellies
  4 orc priests
  15 orc wizards
  2 bullfrog skeletons
  3 iguanas
  10 worker ants
  2 killer bee zombies
  A big kobold zombie (Ossuary)
  A hound zombie (D:6)
  A hound skeleton (D:4)
  2 mummies (Ossuary)
  A worker ant zombie (D:5)
  13 adders
  8 gnolls
  A shadow imp (D:11)
  2 oozes (D:3)
  4 adder zombies (Ossuary)
  2 adder skeletons
  4 dart slugs
  2 leopard geckos
  37 orcs
  2 ball pythons
  4 giant cockroaches
  A gnoll zombie (Ossuary)
  5 goblins
  7 hobgoblins
  8 jackals
  7 kobolds
  5 quokkas
  10 bats
  10 frilled lizards
  8 hobgoblin zombies (Ossuary)
  2 kobold zombies (Ossuary)
  3 orc zombies (Ossuary)
  A quokka skeleton (D:9)
  12 rats
332 creatures vanquished.

Vanquished Creatures (collateral kills)
  2 hydras
  A meliai (D:13)
  A centaur (D:12)
4 creatures vanquished.

Vanquished Creatures (others)
  An ogre (D:9)
  An orc wizard (D:10)
2 creatures vanquished.

Grand Total: 338 creatures vanquished

Notes
Turn   | Place    | Note
-------+----------+-------------------------------------------
     0 | D:1      | Atlas the Felid Berserker began the quest for the Orb.
     0 | D:1      | Reached XP level 1. HP: 10/10 MP: 2/2
   211 | D:1      | Reached XP level 2. HP: 12/14 MP: 3/3
   266 | D:1      | Reached XP level 3. HP: 5/17 MP: 4/4
   858 | D:1      | Reached ** piety under Trog
  1668 | D:2      | Reached skill level 1 in Stealth
  1668 | D:2      | Reached skill level 4 in Unarmed Combat
  1668 | D:2      | Reached XP level 4. HP: 21/21 MP: 5/5
  1684 | D:2      | Found an opulent altar of Gozag.
  2591 | D:3      | Reached XP level 5. HP: 24/24 MP: 6/6
  2979 | D:3      | Reached *** piety under Trog
  3161 | D:4      | Reached skill level 5 in Dodging
  3197 | D:4      | Slain by a gnoll
  3198 | D:4      | Reached XP level 4. HP: 0/22 MP: 5/5
  3298 | D:4      | Reached skill level 5 in Unarmed Combat
  3298 | D:4      | Reached XP level 5. HP: 25/25 MP: 6/6
  3860 | D:4      | Gained mutation: You are covered in thick fur. (AC +2)
                  | [Felid growth]
  3860 | D:4      | Reached XP level 6. HP: 28/28 MP: 7/7
  4219 | D:5      | Entered Level 5 of the Dungeon
  4227 | D:5      | Found Tutiel's Armour Boutique.
  4242 | D:5      | Found Ugoraoh's Food Boutique.
  4252 | D:5      | Reached skill level 5 in Stealth
  4485 | D:5      | Reached skill level 6 in Unarmed Combat
  4585 | D:5      | Reached XP level 7. HP: 20/31 MP: 8/8
  5692 | D:6      | Reached skill level 7 in Unarmed Combat
  5764 | D:6      | Found a staircase to the Ecumenical Temple.
  5886 | D:6      | Noticed a two-headed ogre
  5893 | Temple   | Entered the Ecumenical Temple
  6357 | D:6      | Killed a two-headed ogre
  6357 | D:6      | Reached **** piety under Trog
  6357 | D:6      | Reached skill level 8 in Unarmed Combat
  6357 | D:6      | Reached XP level 8. HP: 36/36 MP: 9/9
  6401 | D:6      | Reached skill level 9 in Unarmed Combat
  6409 | D:6      | Found Mitemmel's Assorted Antiques.
  6417 | D:6      | Bought a fizzy silvery potion for 25 gold pieces
  6417 | D:6      | Bought a viscous black potion for 25 gold pieces
  6417 | D:6      | Bought 3 scrolls labeled KEUNANNAPOF for 84 gold pieces
  6417 | D:6      | Bought a viscous black potion for 25 gold pieces
  7004 | D:7      | Found a sand-covered staircase.
  7028 | D:7      | Reached XP level 9. HP: 39/39 MP: 10/10
  7061 | Ossuary  | Entered an ossuary
  7558 | D:7      | Reached skill level 10 in Unarmed Combat
  9020 | D:8      | Found Winla's Antique Armour Shoppe.
  9025 | D:8      | Found Juasmext's Distillery.
  9033 | D:8      | Bought a potion of heal wounds for 75 gold pieces
  9033 | D:8      | Bought a potion of heal wounds for 75 gold pieces
  9087 | D:8      | Found a shattered altar of Ashenzari.
  9089 | D:8      | Reached skill level 11 in Unarmed Combat
  9101 | D:8      | Found a staircase to the Lair.
  9276 | D:8      | Reached ***** piety under Trog
  9303 | D:8      | Reached skill level 10 in Stealth
 10044 | D:9      | Reached XP level 10. HP: 37/43 MP: 11/11
 11005 | D:10     | Entered Level 10 of the Dungeon
 12241 | D:10     | Found a staircase to the Orcish Mines.
 12361 | D:11     | Noticed a two-headed ogre
 12368 | D:11     | Killed a two-headed ogre
 12368 | D:11     | Reached skill level 12 in Unarmed Combat
 12664 | D:11     | Noticed Josephine
 12687 | D:11     | Killed Josephine
 12689 | D:11     | Reached XP level 11. HP: 25/46 MP: 5/12
 12909 | D:11     | Noticed an eight-headed hydra
 13264 | D:11     | Noticed an unseen horror
 13280 | D:11     | Killed an unseen horror
 13280 | D:11     | Reached skill level 13 in Unarmed Combat
 13577 | D:11     | Noticed Nergalle
 13589 | D:11     | Killed Nergalle
 13632 | D:11     | Killed a nine-headed hydra
 13968 | D:11     | Reached skill level 5 in Fighting
 14071 | D:11     | Noticed a seven-headed hydra
 14074 | D:11     | Mangled by a seven-headed hydra
 14075 | D:11     | Reached XP level 10. HP: -10/44 MP: 0/11
 14461 | D:11     | Killed a seven-headed hydra
 14461 | D:11     | Reached skill level 10 in Dodging
 14546 | D:12     | Noticed a two-headed ogre
 14550 | D:12     | Killed a two-headed ogre
 14920 | D:12     | Reached skill level 14 in Unarmed Combat
 15068 | D:12     | Reached XP level 11. HP: 28/47 MP: 7/12
 15347 | D:12     | Noticed a two-headed ogre
 15354 | D:12     | Killed a two-headed ogre
 15462 | D:13     | Found a runed translucent gate.
 15462 | D:13     | Found a runed translucent gate.
 15462 | D:13     | Found a runed translucent gate.
 15737 | D:13     | Noticed a deep elf mage
 15750 | D:13     | Killed a deep elf mage
 15758 | D:13     | Noticed an unseen horror
 15773 | D:13     | HP: 1/47 [unseen horror (5)]
 16006 | D:13     | Killed an unseen horror
 16408 | D:13     | Found an opulent altar of Gozag.
 16408 | D:13     | Noticed an obsidian statue
 16408 | D:13     | Noticed an unseen horror
 16409 | D:13     | Noticed Wemm's ghost (journeyman SpEn)
 16618 | D:13     | Noticed an unseen horror
 16639 | D:13     | Noticed a seven-headed hydra
 16694 | D:13     | Noticed a centaur warrior
 16711 | D:13     | Killed a centaur warrior
 16714 | D:13     | HP: 2/48 [poisoned by a killer bee]
 16732 | D:13     | Mangled by a meliai
 16733 | D:13     | Reached XP level 10. HP: -6/44 MP: 0/11
 16739 | D:13     | Noticed a cyclops
 16749 | D:13     | Killed a cyclops
 16756 | D:13     | Killed an eight-headed hydra
 16965 | D:13     | Noticed an anaconda
 16974 | D:13     | Noticed an eye of devastation
 16974 | D:13     | an anaconda changed into an eye of devastation
 16989 | D:13     | an eye of devastation changed into a redback
 16998 | D:13     | Noticed an elephant
 16998 | D:13     | a redback changed into an elephant
 17289 | D:13     | Noticed an unseen horror
 17289 | D:13     | an unseen horror changed into a meliai
 17310 | D:13     | Reached XP level 11. HP: 27/48 MP: 4/12
 17320 | D:12     | Slain by a slime creature

Illustrated notes

Levels and vault maps discovered:
D:1:      erik_arrival_triangle_medium, layout_loops_cross, minmay_tetromino_t4
D:2:      layout_basic, grunt_gozag_statues
D:3:      layout_loops_ring
D:4:      layout_cave_pods, serial_glass, glass_columns_c, glass_columns_a
D:5:      layout_cave_pods, first_ration, serial_shops, shop, shop,
          grunt_ministairs_6
D:6:      layout_basic, minmay_temple_entry_glass, serial_shops,
          nicolae_shop_trees
D:7:      layout_basic, nicolae_ossuary_entry_monument, minmay_manual_monstrance
D:8:      layout_loops_ring, lair_entry_dummy, serial_shops, shop, shop,
          blue_anna_alchemist [blue_anna_fruit_fields, blue_anna_fruit_fields],
          lemuel_statue_altar
D:9:      layout_long_grid, lemuel_old_faithful
D:10:     layout_cave_pools, orc_0_dummy
D:11:     layout_basic, minmay_the_grid_square_5x5_3x3_mashed
          [minmay_the_grid_square_5x5_hourglass, minmay_the_grid_square_5x5_n,
          minmay_the_grid_square_5x5_broken_cross,
          minmay_the_grid_square_5x5_three,
          minmay_the_grid_square_5x5_megaprize_hollow,
          minmay_the_grid_square_5x5_minibox, minmay_the_grid_square_5x5_z,
          minmay_the_grid_square_5x5_tie, minmay_the_grid_square_5x5_inset],
          uniq_josephine, uniq_nergalle
D:12:     layout_roguey
D:13:     layout_rooms, ebering_ghost_gozag, trove_entry_hex_spiral,
          chequers_serial_rivers_small_b
Temple:   regret_index_temple_sigil_plot

Skill      XL: |  1  2  3  4  5  6  7  8  9 10 11 |
---------------+----------------------------------+-----
Stealth        | 1 2 4 5 7 8 10 11 13 | 13.5
Unarmed Combat | 4 5 6 8 9 11 14 13 | 14.9
Dodging        | 5 6 7 11 | 11.2
Fighting       | 4 5 |  5.5

Action                   |  1- 3 |  4- 6 |  7- 9 | 10-12 || total
-------------------------+-------+-------+-------+-------++-------
Melee: Unarmed           |    89 |   166 |   273 |   463 ||   991
       Bite              |     6 |    15 |    20 |    65 ||   106
       Punch             |     1 |     6 |     7 |    35 ||    49
Invok: Berserk           |     1 |     2 |     7 |    12 ||    22
       Brothers in Arms  |       |       |       |     8 ||     8
       Trog's Hand       |       |       |       |     2 ||     2
  Use: Potion            |       |     1 |       |     8 ||     9
       Scroll            |       |       |    12 |     8 ||    20
 Stab: Sleeping          |     4 |    23 |    27 |    22 ||    76
       Distracted        |       |       |       |     1 ||     1
  Eat: Chunk             |    10 |    13 |    16 |    34 ||    73
Armor: Skin              |     7 |     4 |     6 |    15 ||    32
Dodge: Dodged            |    91 |   102 |   205 |   473 ||   871
